 Dungeon Crawl Stone Soup version 0.27-a0-1188-g73eefd5def (webtiles) character file.

Game seed: 16650784358520794634

112 siradein the Sneak (level 4, 0/33 HPs)
             Began as a Vampire Brigand on May 22, 2021.
             Killed by divine providence
             ... invoked by an orc priest
              (10 damage)
             ... on level 2 of the Dungeon.
             The game lasted 00:05:27 (1926 turns).

siradein the Sneak (Vampire Brigand)                Turns: 1926, Time: 00:05:28

Health: 0/33       AC:  8    Str: 10    XL:     4   Next: 63%
Magic:  4/4        EV:  8    Int: 13    God:
Gold:   85         SH:  0    Dex: 16    Spells: 3/3 levels left

rFire    . . .     SeeInvis +   a - +2 dagger
rCold    . . .     Faith    .   (no shield)
rNeg     . . .     Spirit   .   g - +0 scale mail
rPois    .         Reflect  .   (no helmet)
rElec    .         Harm     .   c - +0 cloak
rCorr    .         Rampage  .   (no gloves)
Will     .....                  k - +0 pair of boots
Stlth    ++........             (no amulet)
HPRegen  0.31/turn              (no ring)
MPRegen  0.09/turn              (no ring)

@: healing quickly
A: alive, fangs 3, see invisible, vampiric 2
a: Exsanguinate


You were on level 2 of the Dungeon.
You visited 1 branch of the dungeon, and saw 3 of its levels.

You collected 85 gold pieces.

Inventory:

Hand Weapons
 a - a +2 dagger (weapon)
Missiles
 d - 14 poisoned darts (quivered)
 e - 2 curare-tipped darts
Armour
 c - a +0 cloak (worn)
 g - a +0 scale mail (worn)
 k - a +0 pair of boots (worn)
 l - a +1 kite shield of cold resistance
Scrolls
 h - 2 scrolls of magic mapping {unknown}
Potions
 b - a potion of curing {unknown}
 f - 2 potions of haste {unknown}
 i - a potion of heal wounds {unknown}
 j - a potion of magic {unknown}


   Skills:
 - Level 1.7 Fighting
 + Level 5.4 Short Blades
 - Level 1.5 Throwing
 - Level 1.1 Dodging
 - Level 5.8 Stealth


You had 3 spell levels left.
You didn't know any spells.
Your spell library was empty.

Dungeon Overview and Level Annotations

Branches:
Dungeon (3/15)

Altars:


Innate Abilities, Weirdness & Mutations

Your natural rate of healing is accelerated.
You have razor-sharp teeth.
You have supernaturally acute eyesight. (SInv)
You are afflicted with vampirism and can become a bat while bloodless.


Message History

You see here a hound corpse.
You start resting.
HP restored.
You see here a +0 flail.
There is a stone staircase leading down here.
You climb downwards.
The orc priest hits you with a +0 club.
There is a stone staircase leading up, spattered with blood here.
The orc priest hits you but does no damage.
You climb upwards.
There is a stone staircase leading down here.
You hit the orc priest but do no damage.
The orc priest hits you but does no damage.
The orc hits you but does no damage.
The orc priest hits you but does no damage.
You see here a +0 flail.
You barely miss the orc priest.
The orc priest mumbles some strange prayers to Beogh against you.
Beogh smites you!
You hit the orc priest.
The orc priest is lightly wounded.
The orc closely misses you.
You hit the orc priest.
The orc priest is lightly wounded.
The orc priest hits you with a +0 club.
You closely miss the orc priest.
The orc priest is lightly wounded.
The orc priest hits you with a +0 club.
You hit the orc priest but do no damage.
The orc priest is lightly wounded.
The orc priest invokes the aid of Beogh against you.
Beogh smites you!
* * * LOW HITPOINT WARNING * * *
You hit the orc.
The orc is heavily wounded.
You see here a hound corpse.
The orc throws a boomerang.
The boomerang hits you but does no damage.
The orc priest invokes the aid of Beogh against you.
Beogh smites you!
You die...

######....###.# #########+#
######.............# #..........
#.......(.......#### #..........
#.########.#....# #.........[
#.#......#.#....# #..........
#.#.####.#.#....# #..........
#.#.#..#.#.#.##.# #.......###
#.#.#(.#.#.#.##.# #.......# #
#.#.#.##.#.#.##@# #.......###
#.#.#....#.#.##.# ######...#
#.#.######.#.##o# #...#
#.#........#.##.###########...#
#.##########.##o#>[..[)...'...#
#.[.............)รท..#######...#
##..###.##...)......#######...##
##.....#####<..[...............
#####.# #.......########..##


You could see an orc priest and an orc.

Vanquished Creatures
  A hound (D:2)
  3 adders
  A worm (D:2)
  6 orcs (D:2)
  3 endoplasms
  A giant cockroach (D:1)
  4 goblins (D:1)
  5 hobgoblins
  3 quokkas
  4 ball pythons
  5 bats
  3 frilled lizards
  4 kobolds
  3 rats
46 creatures vanquished.

Notes
Turn   | Place    | Note
-------+----------+-------------------------------------------
     0 | D:1      | siradein the Vampire Brigand began the quest for the Orb.
     0 | D:1      | Reached XP level 1. HP: 16/16 MP: 1/1
   118 | D:1      | Reached XP level 2. HP: 22/22 MP: 2/2
   882 | D:2      | Gained mutation: You are afflicted with vampirism and can
                  | become a bat while bloodless. [Vampire growth]
   882 | D:2      | Reached XP level 3. HP: 26/27 MP: 3/3
  1689 | D:3      | Reached XP level 4. HP: 33/33 MP: 4/4
  1810 | D:2      | Reached skill level 5 in Short Blades
  1926 | D:2      | Killed from afar by an orc priest

Illustrated notes

Levels and vault maps discovered:
D:1:      mrwooster_arrival_statue_2, layout_basic, nrook_campfire
D:2:      minmay_diamond_boxcup, layout_basic, minivault_5
D:3:      wad_river_or_something, layout_basic, nicolae_dithmenos_shadow_blocks,
          uniq_jessica

Skill      XL: |  1  2  3  4 |
---------------+-------------+-----
Short Blades   | 3 4 5 |  5.4
Fighting       | |  1.7
Throwing       | |  1.5
Dodging        | |  1.1
Stealth        | |  5.8

Action                   |  1- 3 |  4- 6 || total
-------------------------+-------+-------++-------
Melee: Dagger            |   144 |    41 ||   185
       Bite              |     9 |     6 ||    15
 Stab: Sleeping          |     8 |       ||     8
Armor: Robe              |     3 |       ||     3
       Scale mail        |    54 |    16 ||    70
Dodge: Dodged            |    51 |    24 ||    75

Table legend: (Time is in decaauts)
 A = Elapsed time spent in this place.
 B = Non-inter-level travel time spent in this place.
 C = Inter-level travel time spent in this place.
 D = Time resting spent in this place.
 E = Time spent auto-exploring this place.
 F = Levels seen in this place.
 G = Mean time per level.
                   A        B        C        D        E       F      G
               +--------+--------+--------+--------+--------+-----+--------+
         Total |   1898 |   1809 |     89 |     93 |   1288 |   3 |  632.7 |
       Dungeon |   1898 |   1809 |     89 |     93 |   1288 |   3 |  632.7 |
               +--------+--------+--------+--------+--------+-----+--------+

Top non-repeatable levels by time:
     D:2: 983 daAuts
     D:1: 760 daAuts
     D:3: 155 daAuts
